 Dungeon Crawl Stone Soup version 0.32-a0-918-g0f22ef8d61 (webtiles) character file.

Game seed: 15129906192893158485

25207 Autsider the Summoner (level 12, 65/65 HPs)
             Began as a Felid Summoner on Apr 10, 2024.
             Was a Believer of Kikubaaqudgha.
             Quit the game on level 4 of the Lair of Beasts.
             The game lasted 00:45:30 (16033 turns).

Autsider the Summoner (Felid Summoner)             Turns: 16033, Time: 00:45:30

Health: 65/65      AC:  3    Str:  4    XL:     12   Next: 87%
Magic:  26/26      EV: 23    Int: 30    God:    Kikubaaqudgha [**....]
Gold:   1091       SH:  0    Dex: 17    Spells: 16/30 levels left
                                        Lives:  0   Deaths: 3

rFire   + . .        (weapon unavailable)
rCold   + . .        (shield unavailable)
rNeg    . . .        (body armour unavailable)
rPois   .            (helmet unavailable)
rElec   .            (cloak unavailable)
rCorr   .            (gloves unavailable)
SInv    +            (boots unavailable)
Will    +....        r - amulet of regeneration
Stlth   +++++        c - ring of protection from fire
HPRegen 1.10/turn    m - +6 ring of intelligence
MPRegen 0.20/turn

%: no passive effects
@: no status effects
A: very small, claws 1, fangs 3, see invisible, shaggy fur 3, stealthy paws, no
weapons or thrown items, no armour, multi-lived
a: Renounce Religion, Unearth Wretches


You were on level 4 of the Lair of Beasts.
You worshipped Kikubaaqudgha.
Kikubaaqudgha was pleased with you.
You visited 3 branches of the dungeon, and saw 15 of its levels.
You also visited: Bailey.

You collected 1091 gold pieces.

Inventory:

Jewellery
 c - a ring of protection from fire (left paw)
 m - a +6 ring of intelligence (right paw)
 n - a ring of willpower
 o - a ring of ice
 r - an amulet of regeneration (around neck)
 D - a +5 ring of evasion
 F - a ring of resist corrosion
 N - an amulet of reflection
Talismans
 A - a granite talisman
Wands
 p - a wand of charming (28)
 q - a wand of light (8)
 v - a wand of digging (6)
 w - a wand of flame (25)
 z - a wand of warping (12)
 B - a wand of polymorph (28)
 J - a wand of mindburst (5)
Scrolls
 f - 3 scrolls of fog
 g - 2 scrolls of noise
 h - 3 scrolls of vulnerability
 l - 3 scrolls of amnesia
 y - a scroll of fear
 C - a scroll of acquirement
 G - a scroll of teleportation {@r2}
 H - a scroll of poison {unknown}
 K - a scroll of brand weapon {unknown}
 M - a scroll of torment {unknown}
Potions
 a - a potion of magic
 b - 2 potions of invisibility
 d - 3 potions of enlightenment
 e - 2 potions of cancellation {unknown}
 i - a potion of curing {@q1}
 j - a potion of degeneration {unknown}
 k - a potion of resistance {unknown}
 s - 3 potions of mutation
 t - a potion of attraction {unknown}
 u - a potion of ambrosia {unknown}
 x - 5 potions of might {unknown}
 E - 2 potions of heal wounds {unknown}
 I - a potion of lignification {unknown}
 L - 4 potions of haste {unknown}


   Skills:
 + Level 8.6 Fighting
 - Level 10.0 Dodging
 - Level 10.0 Stealth
 + Level 9.6 Spellcasting
 + Level 10.9 Summonings
 - Level 5.0 Fire Magic
 - Level 5.0 Air Magic
 + Level 5.8 Shapeshifting


You had 16 spell levels left.
You knew the following spells:

 Your Spells              Type           Power      Damage    Failure   Level
a - Call Canine Familiar  Summ           69%        N/A       1%          3
b - Summon Blazeheart Go  Fire/Summ      58%        N/A       1%          4
c - Summon Lightning Spi  Summ/Air       58%        N/A       1%          4
d - Call Imp              Summ           100%       N/A       1%          2
x - Summon Small Mammal   Summ           100%       N/A       1%          1

Your spell library contained the following spells:

 Spells                   Type           Power      Damage    Failure   Level
 Mercury Vapours          Alch/Air       58%        N/A       1%          2
 Scorch                   Fire           88%        2d8       1%          2
 Swiftness                Air            44%        N/A       1%          3
 Cigotuvi's Dreadful Rot  Necr/Alch/Air  48%        N/A       2%          2
 Necrotise                Necr           56%        1d6       3%          1
 Ensorcelled Hibernation  Hex/Ice        28%        N/A       5%          2
 Sublimation of Blood     Necr           14%        N/A       5%          2
 Mephitic Cloud           Conj/Alch/Air  24%        N/A       5%          3
 Summon Cactus Giant      Summ           34%        N/A       6%          6
 Dazzling Flash           Conj/Hex       28%        N/A       11%         3
 Fugue of the Fallen      Necr           14%        N/A       11%         3
 Passwall                 Erth           14%        N/A       11%         3
 Teleport Other           Tloc           14%        N/A       11%         3
 Flame Wave               Conj/Fire      29%        2d9       13%         4
 Anguish                  Hex/Necr       7%         N/A       36%         4
 Cause Fear               Hex            7%         N/A       36%         4
 Fireball                 Conj/Fire      14%        3d8       36%         5
 Silence                  Hex/Air        14%        N/A       36%         5
 Freezing Cloud           Conj/Ice/Air   12%        6-21      45%         5
 Alistair's Intoxication  Alch           9%         N/A       71%         5
 Borgnjor's Vile Clutch   Necr/Erth      7%         N/A       71%         5
 Curse of Agony           Necr           14%        N/A       71%         5
 Summon Horrible Things   Summ           34%        N/A       95%         8
 Malign Gateway           Summ/Tloc      23%        N/A       97%         7
 Dispersal                Tloc           7%         N/A       99%         6
 Eringya's Noxious Bog    Alch           7%         4d6       99%         6
 Gell's Gavotte           Tloc           7%         2d(14-21) 99%         6
 Dragon's Call            Summ           34%        N/A       100%        9


Dungeon Overview and Level Annotations

Branches:
Dungeon (10/15)            Temple (1/1) D:6            Lair (4/5) D:10
  Swamp (0/4) Lair:2        Snake (0/4) Lair:2          Orc (0/2) D:10
 Bailey (visited)
  Slime: Lair:4-5

Altars:
Ashenzari
Cheibriados
Dithmenos
Elyvilon
Fedhas
Gozag
Hepliaklqana
Kikubaaqudgha
Makhleb
Nemelex Xobeh
Okawaru
Qazlal
Ru
Sif Muna
Trog
Uskayaw
Vehumet
Wu Jian
Xom
Yredelemnul
Zin
The Shining One
Beogh

Annotations:
Lair:1 exclusion: 4 oklob plants
Lair:4 Nessos


Innate Abilities, Weirdness & Mutations

You have sharp claws.
You have razor-sharp teeth.
You have supernaturally acute eyesight. (SInv)
Your thick and shaggy fur keeps you warm. (AC +3, rC+)
Your paws help you pounce on unaware monsters.
You are incapable of wielding weapons or throwing items.
You cannot wear armour.
You gain extra lives every three experience levels.


Message History

* * * LOW HITPOINT WARNING * * *
Nessos is engulfed in blazing flames.
Nessos mumbles some strange words.
Nessos seems to speed up.
You feel better.
Nessos is engulfed in blazing flames.
Nessos shoots an arrow.
The arrow barely misses you.
Nessos is engulfed in blazing flames.
Nessos shoots an arrow.
The arrow misses you.
Nessos is engulfed in blazing flames.
Nessos shoots an arrow.
The arrow completely misses you.
Casting: Summon Blazeheart Golem (dangerous; 1% risk of failure)
Confirm with . or Enter, or press ? or * to list all spells.
A fiery spirit appears, bound in slag iron.
Nessos zaps a wand.
You resist with almost no effort.
Nessos zaps a wand.
You resist with almost no effort.
Nessos gestures wildly while chanting.
Nessos blinks!
Nessos shoots an arrow.
The arrow hits your blazeheart golem! The arrow burns your blazeheart golem.
Nessos casts a spell.
Nessos blinks!
Nessos gestures wildly while chanting.
Nessos blinks!
Nessos gestures wildly while chanting.
Nessos blinks!
Nessos shoots an arrow.
The arrow hits your blazeheart golem.
Nessos intently looks at you, slowly moving their tail.
Nessos shoots an arrow.
The arrow hits your blazeheart golem!! The arrow burns your blazeheart golem.
Nessos shoots an arrow.
The arrow hits your blazeheart golem! The arrow burns your blazeheart golem.
Nessos gestures wildly while chanting.
Nessos blinks!
Nessos shoots an arrow.
The arrow hits your blazeheart golem!
Nessos shoots an arrow.
The arrow hits your blazeheart golem!
Your blazeheart golem falls apart and the last of its fire goes out.
Casting: Summon Blazeheart Golem (dangerous; 1% risk of failure)
Confirm with . or Enter, or press ? or * to list all spells.
A fiery spirit appears, bound in slag iron.
Nessos gestures wildly while chanting.
Nessos blinks!
Nessos shoots an arrow.
The arrow misses you.
Nessos shoots an arrow.
The arrow hits you!!
You die...
You rejoin the land of the living...
Are you sure you want to abandon this character and quit the game? (Confirm with "yes".)

...##..P9†#......
................#
#...............#
........c.......P
#................
#................
##...........P....
#...#P##.####P....
#@..## ### #...
#...# .. #....#
##..... ...###
...# ...# .^..


There were no monsters in sight!

Vanquished Creatures
  Snorg (D:10)
  Harold (Lair:1)
  A hydra (Lair:2)
  A two-headed ogre (D:9)
  A bog body (Lair:2)
  Pikel (D:5)
  3 orc knights
  A cyclops (D:9)
  An orange demon (Lair:1)
  Maggie (D:8)
  3 cane toads
  2 komodo dragons (Lair:1)
  2 rime drakes
  A hornet (D:10)
  Prince Ribbit (D:5)
  A troll (D:10)
  4 blink frogs (Lair:2)
  A polar bear (D:10)
  A dream sheep (Lair:4)
  A basilisk (Lair:1)
  14 yaks
  2 steam dragons
  A swamp worm (Lair:2)
  2 nagas (Lair:2)
  An acid dragon (D:10)
  6 water moccasins
  2 orc warriors (D:10)
  A black bear (D:6)
  2 ice beasts (D:10)
  A centaur (D:10)
  3 ogres
  4 lemures (D:5)
  3 bullfrogs
  3 kobold brigands (D:10)
  3 gnoll sergeants
  2 scorpions (D:7)
  2 killer bees
  A bombardier beetle (D:3)
  A hound (D:6)
  2 orc priests
  A sleepcap (D:6)
  An iguana (D:5)
  An orc wizard (D:10)
  9 gnolls
  An adder (D:3)
  9 orcs
  2 endoplasms
  4 goblins
  2 hobgoblins
  A ball python (D:1)
  3 bats
  A frilled lizard (D:1)
  3 kobolds
  2 rats (D:1)
125 creatures vanquished.

Vanquished Creatures (collateral kills)
  The ghost of Grimmash the Cleaver, a journeyman MDFi of Cheibriados (Lair:3)
  Amaemon (Lair:1)
  A salamander (Lair:2)
  A black mamba (Lair:1)
  A torpor snail (Lair:4)
  Joseph (D:9)
  2 cane toads
  A troll (D:9)
  A dream sheep (Lair:4)
  4 blink frogs (Lair:2)
  4 yaks
  A golden eye (Lair:1)
  2 wyverns
  A steam dragon (D:9)
  A swamp worm (Lair:2)
  A naga (Lair:2)
  7 water moccasins
  7 orc warriors
  4 black bears
  7 wolves
  An ogre (D:5)
  A centaur (D:7)
  5 kobold brigands
  2 phantoms
  Blork the orc (D:5)
  7 bullfrogs
  3 gnoll sergeants
  2 scorpions
  4 killer bees
  An electric eel (Lair:2)
  7 howler monkeys
  2 nameless horrors
  2 jellies (D:5)
  5 hounds
  3 orc priests
  An iguana (D:4)
  5 orc wizards
  14 gnolls
  6 adders
  2 ufetubi (D:7)
  A dart slug (D:3)
  3 ribbon worms (D:3)
  29 orcs
  5 ball pythons
  3 endoplasms
  3 giant cockroaches
  7 hobgoblins
  2 jackals (D:1)
  6 quokkas
  2 bats
  6 frilled lizards
  4 goblins
  17 kobolds
  5 rats
216 creatures vanquished.

Vanquished Creatures (others)
  88 blazeheart cores
88 creatures vanquished.

Grand Total: 429 creatures vanquished

Notes
Turn   | Place    | Note
-------+----------+-------------------------------------------
     0 | D:1      | Autsider the Felid Summoner began the quest for the Orb.
     0 | D:1      | Reached XP level 1. HP: 9/9 MP: 4/4
   256 | D:1      | Reached XP level 2. HP: 11/13 MP: 6/6
   329 | D:1      | Learned a level 2 spell: Call Imp
   947 | D:1      | Reached XP level 3. HP: 16/16 MP: 5/8
   962 | D:1      | Learned a level 3 spell: Call Canine Familiar
  1383 | D:2      | Noticed a golden eye
  1385 | D:2      | Found a faded altar of an unknown god.
  1389 | D:2      | Noticed an eye of devastation
  1395 | D:2      | Noticed a shining eye
  1395 | D:2      | Noticed an eye of devastation
  1454 | D:2      | Found the +7 Kryia's mail coat {PotionHeal*2 rC+}
  3198 | D:3      | Reached XP level 4. HP: 21/21 MP: 3/9
  3198 | D:3      | Gained a life (2 lives remaining)
  3303 | D:3      | Reached skill level 5 in Summonings
  4217 | D:3      | Reached XP level 5. HP: 22/24 MP: 6/11
  4313 | D:3      | Found an iron altar of Okawaru.
  4316 | D:3      | Found a basalt altar of Yredelemnul.
  4318 | D:3      | Found a shimmering blue altar of Sif Muna.
  4320 | D:3      | Found a bloodstained altar of Trog.
  4385 | D:4      | Learned a level 4 spell: Summon Blazeheart Golem
  4530 | D:4      | Noticed an ogre
  4536 | D:4      | Killed an ogre
  4537 | D:4      | Reached skill level 1 in Fire Magic
  4727 | D:4      | Gained mutation: You are covered in thick fur. (AC +2)
                  | [Felid growth]
  4727 | D:4      | Reached XP level 6. HP: 16/28 MP: 5/13
  5336 | D:5      | Entered Level 5 of the Dungeon
  5582 | D:5      | Reached XP level 7. HP: 20/32 MP: 8/14
  5744 | D:5      | Noticed Prince Ribbit
  5755 | D:5      | Killed Prince Ribbit
  5756 | D:5      | Reached skill level 5 in Spellcasting
  5756 | D:5      | Reached skill level 5 in Fire Magic
  5756 | D:5      | Reached XP level 8. HP: 36/36 MP: 8/16
  5761 | D:5      | Learned a level 4 spell: Summon Lightning Spire
  6030 | D:5      | Noticed Blork the orc
  6037 | D:5      | Killed Blork the orc
  6047 | D:5      | Noticed Pikel
  6064 | D:5      | Killed Pikel
  6065 | D:5      | Reached skill level 1 in Air Magic
  6893 | D:6      | Reached XP level 9. HP: 39/43 MP: 7/18
  6900 | D:6      | Reached skill level 5 in Stealth
  7267 | D:6      | Reached skill level 5 in Dodging
  7415 | D:6      | Found a staircase to the Ecumenical Temple.
  7467 | Temple   | Entered the Ecumenical Temple
  8593 | D:7      | Reached XP level 10. HP: 50/50 MP: 20/20
  9233 | D:8      | Noticed Maggie
  9242 | D:8      | Killed Maggie
  9330 | D:9      | Noticed Joseph
  9344 | D:9      | Killed Joseph
  9405 | D:9      | Noticed a two-headed ogre
  9416 | D:9      | HP: 1/51 [steam dragon (4)]
  9419 | D:9      | Slain by a steam dragon
  9419 | D:9      | Lost a life (1 life remaining)
  9544 | D:9      | Noticed a cyclops
  9555 | D:9      | Killed a cyclops
  9556 | D:9      | Reached skill level 1 in Shapeshifting
  9590 | D:9      | Found a flagged portal.
  9610 | Bailey   | Entered a bailey
  9912 | Bailey   | Reached skill level 5 in Fighting
  9916 | Bailey   | Found a bloodstained altar of Trog.
  9916 | Bailey   | Noticed an orc knight
  9929 | Bailey   | Killed an orc knight
 10286 | D:9      | Reached XP level 11. HP: 56/56 MP: 12/23
 10286 | D:9      | Gained a life (2 lives remaining)
 10719 | D:9      | Killed a two-headed ogre
 10720 | D:9      | Reached skill level 5 in Air Magic
 10894 | D:10     | Entered Level 10 of the Dungeon
 11127 | D:10     | Noticed Snorg
 11130 | D:10     | Found a staircase to the Lair.
 11140 | D:10     | Killed Snorg
 11524 | D:10     | Found a staircase to the Orcish Mines.
 11827 | D:10     | Found an ancient bone altar of Kikubaaqudgha.
 11834 | D:10     | Became a worshipper of Kikubaaqudgha
 11918 | D:10     | Noticed an orc knight
 11974 | D:10     | Killed an orc knight
 12087 | D:10     | Noticed an orc knight
 12110 | D:10     | Killed an orc knight
 12111 | D:10     | Reached skill level 10 in Stealth
 12277 | D:10     | Found a roughly hewn altar of Beogh.
 12290 | D:10     | Identified a scroll of acquirement
 12424 | Lair:1   | Entered Level 1 of the Lair of Beasts
 12683 | Lair:1   | Reached * piety under Kikubaaqudgha
 12683 | Lair:1   | Received a gift from Kikubaaqudgha
 12800 | Lair:1   | Noticed Harold
 12876 | Lair:1   | Killed Harold
 12877 | Lair:1   | Gained mutation: Your thick and shaggy fur keeps you warm.
                  | (AC +3, rC+) [Felid growth]
 12877 | Lair:1   | Reached XP level 12. HP: 63/63 MP: 22/25
 13110 | Lair:1   | Reached skill level 10 in Dodging
 13208 | Lair:1   | Noticed Amaemon
 13222 | Lair:1   | Killed Amaemon
 13223 | Lair:1   | Reached skill level 10 in Summonings
 13481 | Lair:2   | Noticed a six-headed hydra
 13635 | Lair:2   | Killed a six-headed hydra
 13686 | Lair:2   | Reached skill level 5 in Shapeshifting
 13943 | Lair:2   | Found a staircase to the Snake Pit.
 14051 | Lair:2   | Reached ** piety under Kikubaaqudgha
 14160 | Lair:2   | Found a staircase to the Swamp.
 15617 | Lair:3   | Found a runed translucent gate.
 15618 | Lair:3   | Found a runed translucent gate.
 15619 | Lair:3   | Noticed Grimmash's ghost (journeyman MDFi)
 15621 | Lair:3   | Found a runed translucent gate.
 15790 | Lair:3   | Killed Grimmash's ghost
 15964 | Lair:4   | Noticed Nessos
 15978 | Lair:4   | HP: 2/65 [Nessos/arrow (16)]
 15979 | Lair:4   | Shot with an arrow by Nessos
 15979 | Lair:4   | Lost a life (1 life remaining)
 16022 | Lair:4   | HP: 2/65 [Nessos/arrow (15)]
 16032 | Lair:4   | Shot with an arrow by Nessos
 16032 | Lair:4   | Lost a life (0 lives remaining)
 16033 | Lair:4   | Quit the game

Illustrated notes

Levels and vault maps discovered:
D:1:      dpeg_arrival_morbid_curiosity, layout_loops_ring
D:2:      layout_basic, hellmonk_ecumenical_altar_watching_god,
          minmay_hexomino_u4
D:3:      layout_basic, minitemple, mainiacjoe_sewer_entry_somewhere_in_here_2
D:4:      layout_basic
D:5:      minmay_recursive_quarters, layout_basic, uniq_prince_ribbit1,
          uniq_pikel, uniq_blork_the_orc
D:6:      layout_basic, temple_pool_b
D:7:      layout_basic
D:8:      layout_rooms, uniq_maggie
D:9:      layout_basic, enter_bailey_2, lightli_minifort, uniq_joseph
D:10:     layout_basic, overflow_temple_1_default, hellmonk_lair_entry_icy,
          kennysheep_orc_monster_closet_entryway, lightli_church_of_beogh,
          uniq_snorg
Temple:   minmay_crystal_spiral_temple
Lair:1:   layout_hall_layers, disabler_island, serial_bayou_shore_b,
          grunt_megastairs_4, uniq_harold, uniq_amaemon
Lair:2:   layout_cave_pods, nicolae_swamp_entry_splash_gauntlet,
          alex1729_snake_entry_snake
Lair:3:   layout_long_grid, ebering_ghost_rock_garden
Lair:4:   layout_regular_city, minmay_hedge_maze, uniq_nessos

Skill      XL: |  1  2  3  4  5  6  7  8  9 10 11 12 |
---------------+-------------------------------------+-----
Spellcasting   | 3 4 5 6 7 8 9 |  9.6
Summonings     | 5 6 7 8 9 10 | 10.9
Fire Magic     | 2 3 5 |  5.0
Dodging        | 4 6 8 9 10 | 10.0
Stealth        | 4 6 8 10 | 10.0
Fighting       | 2 4 5 7 8 |  8.6
Air Magic      | 2 3 4 5 |  5.0
Shapeshifting  | 2 4 5 |  5.8

Action                     |  1- 3 |  4- 6 |  7- 9 | 10-12 || total
---------------------------+-------+-------+-------+-------++-------
  Melee: Unarmed           |    55 |    28 |     1 |    11 ||    95
         Bite              |     6 |     3 |       |     1 ||    10
         Punch             |       |       |       |     1 ||     1
   Cast: Summon Small Mamm |    28 |     4 |       |     2 ||    34
         Call Imp          |    15 |    21 |     1 |       ||    37
         Call Canine Famil |     7 |    18 |     5 |     5 ||    35
         Summon Blazeheart |       |     5 |    33 |   105 ||   143
         Summon Lightning  |       |       |     5 |    35 ||    40
    Use: Scroll            |     2 |       |     5 |     8 ||    15
         Potion            |       |       |       |     3 ||     3
   Stab: Sleeping          |     4 |     1 |       |       ||     5
         Distracted        |     2 |       |       |     1 ||     3
 Armour: Skin              |    18 |    21 |    23 |    88 ||   150
  Dodge: Dodged            |    66 |    31 |    63 |   168 ||   328

Table legend: (Time is in decaauts)
 A = Elapsed time spent in this place.
 B = Non-inter-level travel time spent in this place.
 C = Inter-level travel time spent in this place.
 D = Time resting spent in this place.
 E = Time spent auto-exploring this place.
 F = Levels seen in this place.
 G = Mean time per level.
                   A        B        C        D        E       F      G
               +--------+--------+--------+--------+--------+-----+--------+
         Total |  16063 |  15553 |    510 |   2362 |   9682 |  16 | 1003.9 |
       Dungeon |  12011 |  11694 |    317 |   1734 |   7597 |  10 | 1201.1 |
        Temple |     23 |      0 |     23 |      0 |      0 |   1 |   23.0 |
          Lair |   3619 |   3450 |    169 |    524 |   1959 |   4 |  904.8 |
        Bailey |    409 |    409 |      0 |    104 |    125 |   1 |  409.0 |
               +--------+--------+--------+--------+--------+-----+--------+

Top non-repeatable levels by time:
     D:3: 1976 daAuts
     D:5: 1538 daAuts
    D:10: 1529 daAuts
  Lair:2: 1486 daAuts
     D:1: 1353 daAuts
     D:9: 1159 daAuts
  Lair:1: 1128 daAuts
     D:7: 1084 daAuts
     D:2: 1036 daAuts
     D:4: 983 daAuts
     D:6: 911 daAuts
  Lair:3: 856 daAuts
     D:8: 436 daAuts
  Bailey: 409 daAuts
  Lair:4: 147 daAuts
